 Dungeon Crawl Stone Soup version 0.29-a0-753-gb7bb9d756e (webtiles) character file.

Game seed: 191544832790079938

329 Nattfarinn the Ducker (level 6, -4/47 HPs)
             Began as a Djinni Necromancer on June 30, 2022.
             Killed by divine providence
             ... invoked by an orc priest
              (15 damage)
             ... on level 4 of the Dungeon.
             The game lasted 00:05:46 (3163 turns).

Nattfarinn the Ducker (Djinni Necromancer)          Turns: 3163, Time: 00:05:47

Health: -4/47      AC:  6    Str: 11    XL:     6   Next: 80%
Gold:   170        EV: 13    Int: 19    God:
                   SH:  0    Dex: 13

rFire   + + .      SeeInvis .   k - +8 dagger "Dequc" {protect, *Slow Str+4}
rCold   x . .      Faith    .   (no shield)
rNeg    . . .      Spirit   .   a - +0 robe
rPois   ∞          Reflect  .   (no helmet)
rElec   .          Harm     .   (no cloak)
rCorr   .          Rampage  .   e - +1 pair of gloves
Will    .....                   (boots unavailable)
Stlth   ++........              (no amulet)
HPRegen 0.15/turn               (no ring)
MPRegen 0.00/turn               (no ring)

@: flying
A: sickness immunity, fire resistance 2, cold vulnerability 1, float, innate
caster, HP casting, extra vitality 1, iridescent scales 1, screaming 1
a: no special abilities


You were on level 4 of the Dungeon.
You visited 1 branch of the dungeon, and saw 4 of its levels.

You collected 170 gold pieces.

Inventory:

Hand Weapons
 c - a +0 hand axe
 k - the +8 dagger "Dequc" (weapon) {protect, *Slow Str+4}
   (You found it on level 3 of the Dungeon)

   It grants its wielder temporary protection when it strikes (+7 to AC).
   Str:       It affects your strength (+4).
   *Slow:     It may slow you when you take damage.
Armour
 a - a +0 robe (worn)
 e - a +1 pair of gloves (worn)
Scrolls
 b - a scroll of immolation {unknown}
 f - 2 scrolls of teleportation {unknown}
 g - a scroll of summoning {unknown}
 h - 2 scrolls of identify {unknown}
 i - a scroll of poison {unknown}
 j - a scroll of magic mapping {unknown}


   Skills:
 * Level 3.7 Fighting
 + Level 4.2 Dodging
 - Level 2.1 Stealth
 + Level 4.1 Spellcasting


You couldn't memorise any spells.
You knew the following spells:

 Your Spells              Type           Power      Damage    Failure   Level
a - Necrotize             Necr           76%        1d7       2%          1
b - Vampiric Draining     Necr           19%        2d7       8%          3
c - Animate Dead          Necr           19%        N/A       24%         4
d - Agony                 Necr           19%        N/A       56%         5
e - Freeze                Ice            76%        1d9       2%          1
f - Passwall              Tmut/Erth      15%        N/A       3%          2
Your spell library was empty.

Dungeon Overview and Level Annotations

Branches:
Dungeon (4/15)
 Temple: D:4-7

Altars:


Innate Abilities, Weirdness & Mutations

You are immune to sickness and miasma.
You are immune to poison.
Your flesh is very heat resistant. (rF++)
You are vulnerable to cold. (rC-)
You float through the air rather than walking.
You learn spells naturally, not from books.
Your magical power is your life essence.
You have superior vitality. (+4 MHP)
You are partially covered in iridescent scales. (AC +2)
You occasionally shout uncontrollably at your foes.


Message History

You feel life coursing into your body!
Your orc skeleton closely misses the orc priest.
Your quokka skeleton bites the orc priest.
The orc priest hits you with a +0 flail.
The orc priest barely misses your quokka skeleton.
You draw life force from the orc priest.
You kill the orc priest!
You feel life coursing into your body.
Your orc skeleton hits the orc priest.
Your quokka skeleton bites the orc priest but does no damage.
The orc priest barely misses your quokka skeleton.
You draw life force from the endoplasm.
You feel life coursing into your body. The endoplasm misses you.
The orc hits your quokka skeleton with a +0 rapier.
The orc priest hits your quokka skeleton with a +0 mace!
Your quokka skeleton is destroyed!
Your orc skeleton hits the orc priest but does no damage.
You draw life force from the endoplasm.
You kill the endoplasm!
You feel life coursing into your body.
You draw life force from the adder!
You feel life coursing into your body.
Your orc skeleton hits the ogre but does no damage.
The adder bites you.
You draw life force from the adder.
You kill the adder!
You feel life coursing into your body. The orc hits you with a +0 rapier.
The orc priest hits you but does no damage.
Your orc skeleton barely misses the orc priest.
The orc hits you with a +0 rapier. The ogre attacks as you move away!
The ogre completely misses you. The orc attacks as you move away!
The orc barely misses you.
Your orc skeleton hits the orc priest but does no damage.
The orc attacks as you move away! The orc hits you with a +0 rapier.
* * * LOW HITPOINT WARNING * * *
The orc priest begins to cast a cantrip, but forgets the words!
The orc attacks as you move away! The orc hits you with a +0 rapier.
* * * LOW HITPOINT WARNING * * *
The orc attacks as you move away! The orc barely misses you.
The orc priest calls down the wrath of Beogh upon you.
Beogh smites you!
You die...

.# #########.#
#.......#.# #.##....#.#
#.#.....#.# #.#....<#.#
#########.###+#.#.######
...........o@...).....>.
########..O..(..#.##.###
.###########o.....†)#.#
....)..Z..Z.........#.#
....)...............#.#
#............######.#.#
#............# #...#
.............# ....#
.............# ##..#


You could see an ogre, an orc priest, an orc (ally target) and a friendly orc
skeleton.

Vanquished Creatures
  2 hounds (D:3)
  4 orc priests
  An iguana (D:2)
  3 gnolls (D:3)
  2 adders (D:4)
  2 dart slugs
  4 orcs
  5 bats
  5 endoplasms
  A giant cockroach (D:1)
  4 goblins
  5 hobgoblins
  3 jackals (D:1)
  4 quokkas
  4 ball pythons
  2 frilled lizards
  6 kobolds
  3 rats
60 creatures vanquished.

Vanquished Creatures (collateral kills)
  A gnoll (D:3)
  2 orcs
3 creatures vanquished.

Grand Total: 63 creatures vanquished

Notes
Turn   | Place    | Note
-------+----------+-------------------------------------------
     0 | D:1      | Nattfarinn the Djinni Necromancer began the quest for the
                  | Orb.
     0 | D:1      | Nattfarinn set off with the following spells memorised:
                  | Necrotize, Vampiric Draining, Animate Dead, Agony.
     0 | D:1      | Reached XP level 1. HP: 15/15 MP: 0/0
   203 | D:1      | Reached XP level 2. HP: 4/21 MP: 0/0
   884 | D:1      | Reached XP level 3. HP: 23/25 MP: 0/0
   884 | D:1      | Learned a level 1 spell: Freeze
   906 | D:1      | Found a faded altar of an unknown god.
  1415 | D:2      | Reached skill level 1 in Fighting
  1415 | D:2      | Reached XP level 4. HP: 29/32 MP: 0/0
  1763 | D:3      | Reached XP level 5. HP: 35/38 MP: 0/0
  1763 | D:3      | Learned a level 2 spell: Passwall
  1986 | D:3      | Identified the +8 dagger "Dequc" {protect, *Slow Str+4}
  2613 | D:3      | HP: 1/39 [gnoll/+0 halberd (9)]
  2618 | D:3      | Gained mutation: You occasionally shout uncontrollably at
                  | your foes. [potion of mutation]
  2618 | D:3      | Gained mutation: You are partially covered in iridescent
                  | scales. (AC +2) [potion of mutation]
  2622 | D:3      | Reached XP level 6. HP: 20/46 MP: 0/0
  3142 | D:4      | Noticed an ogre
  3163 | D:4      | Killed from afar by an orc priest

Illustrated notes

Levels and vault maps discovered:
D:1:      onia_arrival_pyramid, layout_loops_ring,
          hellmonk_ecumenical_altar_heavens_door
D:2:      layout_rooms
D:3:      layout_basic, kennysheep_flooded_box, cheibrodos_gnoll_hut
D:4:      layout_basic, minmay_divided_ellipse, uniq_robin, uniq_edmund,
          uniq_blork_the_orc

Skill      XL: |  1  2  3  4  5  6 |
---------------+-------------------+-----
Stealth        | 2 |  2.1
Fighting       | 1 2 3 |  3.7
Dodging        | 3 4 |  4.2
Spellcasting   | 4 |  4.1

Action                   |  1- 3 |  4- 6 || total
-------------------------+-------+-------++-------
Melee: Hand axe          |    27 |       ||    27
       Dagger            |       |    22 ||    22
 Cast: Necrotize         |    33 |    60 ||    93
       Vampiric Draining |       |     7 ||     7
  Use: Potion            |       |     3 ||     3
       Scroll            |       |     2 ||     2
Armor: Robe              |     4 |    27 ||    31
Dodge: Dodged            |    22 |    47 ||    69

Table legend: (Time is in decaauts)
 A = Elapsed time spent in this place.
 B = Non-inter-level travel time spent in this place.
 C = Inter-level travel time spent in this place.
 D = Time resting spent in this place.
 E = Time spent auto-exploring this place.
 F = Levels seen in this place.
 G = Mean time per level.
                   A        B        C        D        E       F      G
               +--------+--------+--------+--------+--------+-----+--------+
         Total |   3170 |   3150 |     20 |    666 |   2084 |   4 |  792.5 |
       Dungeon |   3170 |   3150 |     20 |    666 |   2084 |   4 |  792.5 |
               +--------+--------+--------+--------+--------+-----+--------+

Top non-repeatable levels by time:
     D:3: 1228 daAuts
     D:1: 1173 daAuts
     D:2: 633 daAuts
     D:4: 134 daAuts
